 Dungeon Crawl Stone Soup version 0.24.1-11-gbbbb2193e6 (webtiles) character file.

Game seed: 14642153333146214182, levelgen mode: deterministic

146 Curus the Slasher (level 5, 0/42 HPs)
             Began as a Minotaur Gladiator on May 10, 2020.
             Slain by a big kobold
             ... wielding a +0 short sword
              (3 damage)
             ... on level 4 of the Dungeon.
             The game lasted 00:10:29 (2556 turns).

Curus the Slasher (Minotaur Gladiator)              Turns: 2556, Time: 00:10:31

Health: 0/42       AC:  5    Str: 16 (18) XL:     5   Next: 7%
Magic:  4/4        EV: 13    Int:  6      God:
Gold:   216        SH:  0    Dex: 12      Spells: 4/4 levels left

rFire    . . .     SeeInvis .   a - +0 long sword
rCold    . . .     Gourm    .   (no shield)
rNeg     . . .     Faith    .   b - +0 leather armour
rPois    .         Spirit   .   c - +1 hat
rElec    .         Reflect  .   g - +0 cloak
rCorr    .         Harm     .   (no gloves)
MR       .....                  (no boots)
Stlth    +.........             (no amulet)
HPRegen  0.14/turn              (no ring)
MPRegen  0.09/turn              (no ring)

@: lethally poisoned (0 -> -2), flying (expiring)
A: retaliatory headbutt, claws 1, horns 2, deterioration 1
a: no special abilities


You were on level 4 of the Dungeon.
You were not hungry.

You visited 1 branch of the dungeon, and saw 4 of its levels.

You collected 216 gold pieces.

Inventory:

Hand Weapons
 a - a +0 long sword (weapon)
Missiles
 d - 3 throwing nets (quivered)
Armour
 b - a +0 leather armour (worn)
 c - a +1 hat (worn)
 g - a +0 cloak (worn)
Wands
 k - a wand of acid (8)
 l - a wand of random effects (12)
Scrolls
 i - 2 scrolls of teleportation
 j - 3 scrolls of identify
Potions
 e - a potion of degeneration
 h - 2 potions of might
Comestibles
 f - 8 rations


   Skills:
 - Level 2.4 Fighting
 + Level 7.0 Long Blades
 - Level 2.0 Throwing
 - Level 3.2 Dodging


You had 4 spell levels left.
You didn't know any spells.
Your spell library was empty.

Dungeon Overview and Level Annotations

Branches:
Dungeon (4/15)
 Temple: D:4-7

Altars:
Elyvilon


Innate Abilities, Weirdness & Mutations

You reflexively headbutt those who attack you in melee.
You have a pair of horns on your head.
You have sharp fingernails.
Your body sometimes deteriorates upon taking damage.


Message History

The big kobold hits you but does no damage.
All of the chunks of flesh in your inventory have rotted away.
You see here a stone.
* * * LOW HITPOINT WARNING * * *
You feel sick.
The kobold hits something with a +0 dagger.
The kobold hits something but does no damage.
You see here a stone.
You are starting to lose your buoyancy.
* * * LOW HITPOINT WARNING * * *
You feel sick.
* * * LOW HITPOINT WARNING * * *
You feel sick.
* * * LOW HITPOINT WARNING * * *
You feel sick.
There is a stone staircase leading up here.
* * * LOW HITPOINT WARNING * * *
You feel sick.
The big kobold hits you with a +0 short sword.
You die...

.........#
#........#
#........#
#........#
#........#
#÷.......#
#.)......#
#.K.K(...#
#@#+#....#
### ##K..#
#P..###
##PK♣P#
#♣♣KP##
#P(P.#
#..KP♣#
##♣♣(P♣
♣..♣♣#


You could see a big kobold and a kobold.

Vanquished Creatures
  Crazy Yiuf (D:3)
  4 adders
  6 worms
  A leopard gecko (D:3)
  An orc (D:4)
  A ball python (D:2)
  4 giant cockroaches
  5 goblins
  9 hobgoblins
  5 jackals
  10 kobolds
  A quokka (D:2)
  4 bats
  A frilled lizard (D:1)
  7 rats
60 creatures vanquished.

Notes
Turn   | Place    | Note
-------+----------+-------------------------------------------
     0 | D:1      | Curus the Minotaur Gladiator began the quest for the Orb.
     0 | D:1      | Reached XP level 1. HP: 18/18 MP: 0/0
    92 | D:1      | Gained mutation: Your body sometimes deteriorates upon
                  | taking damage. [potion of mutation]
    92 | D:1      | Gained mutation: You have sharp fingernails. [potion of
                  | mutation]
   119 | D:1      | Reached skill level 4 in Long Blades
   202 | D:1      | Reached XP level 2. HP: 23/25 MP: 1/1
   760 | D:2      | Reached skill level 5 in Long Blades
   858 | D:2      | Reached XP level 3. HP: 30/30 MP: 2/2
   873 | D:2      | Found a white marble altar of Elyvilon.
  1661 | D:2      | Reached XP level 4. HP: 37/37 MP: 3/3
  1716 | D:3      | Reached skill level 6 in Long Blades
  1937 | D:3      | Found a runed translucent door.
  1938 | D:3      | Noticed Crazy Yiuf
  2282 | D:3      | Killed Crazy Yiuf
  2313 | D:4      | Reached XP level 5. HP: 36/42 MP: 4/4
  2317 | D:4      | Reached skill level 7 in Long Blades
  2556 | D:4      | Slain by a big kobold

Levels and vault maps discovered:
D:1:      dpeg_arrival_long_road, layout_loops_ring, st_stairs_12
D:2:      layout_basic, first_ration, elyvilon_altar_1
D:3:      layout_rooms, uniq_crazy_yiuf_cottage
D:4:      kennysheep_kobold_camp, layout_basic, minmay_temple_entry_arrows,
          kennysheep_generic_room_11

Skill      XL: |  1  2  3  4  5 |
---------------+----------------+-----
Long Blades    | 4 5 6 7 |  7.0
Fighting       | |  2.4
Throwing       | |  2.0
Dodging        | |  3.2

Action                   |  1- 3 |  4- 6 || total
-------------------------+-------+-------++-------
Melee: Long sword        |    85 |    68 ||   153
       Headbutt          |    15 |    12 ||    27
  Use: Scroll            |     6 |       ||     6
       Potion            |     5 |     2 ||     7
  Eat: Chunk             |     2 |     3 ||     5
Armor: Leather armour    |    31 |    13 ||    44
Dodge: Dodged            |    30 |    40 ||    70
       Rpst.: Long sword |     6 |     5 ||    11
